 Dungeon Crawl Stone Soup version 0.17-a0-1500-gecf5ee4 (webtiles) character file.

3796 Tot the Basher (level 9, -5/64 HPs)
             Began as a Mummy Fighter on July 7, 2015.
             Was an Initiate of Gozag.
             Slain by an orc warrior
             ... wielding a +0 glaive
              (14 damage)
             ... on level 8 of the Dungeon.
             The game lasted 01:16:06 (9308 turns).

Tot the Basher (Mummy Fighter)                      Turns: 9308, Time: 01:16:06

Health: -5/64      AC: 19    Str: 22    XL:     9   Next: 96%
Magic:  11/13      EV:  3    Int:  7    God:    Gozag
Gold:   694        SH:  9    Dex: 12    Spells: 0 memorised, 8 levels left

rFire  . . .     SeeInvis .     a - +4 flail (protect)
rCold  + . .     Clarity  .     g - +0 plate armour
rNeg   + + +     SustAt   .     c - +0 shield
rPois  ∞         Gourm    .     q - +0 helmet
rElec  .         Spirit   .     u - +0 cloak
rCorr  .         Warding  .     (no gloves)
rMut   .         Stasis   .     r - +0 pair of boots
MR     +....                    (no amulet)
Stlth  ..........               z - ring of protection from fire
                                i - ring of invisibility

@: very slightly contaminated, invisible, somewhat resistant to hostile
enchantments, extremely unstealthy
A: no food or potions, fire vulnerability, cold resistance 1, negative energy
resistance 3, torment resistance, unbreathing
a: Potion Petition, Call Merchant, Bribe Branch, Renounce Religion, Turn Visible


You were on level 8 of the Dungeon.
You worshipped Gozag.
Gozag was noncommittal.
You were not hungry.

You visited 2 branches of the dungeon, and saw 9 of its levels.

You collected 755 gold pieces.
You paid 61 gold pieces to Gozag.

Inventory:

Hand weapons
 a - a +4 flail of protection (weapon)
 b - a +0 blowgun
 j - a +2 dagger of freezing
 t - a +0 hand axe of venom
Missiles
 f - 32 poisoned needles
 y - 2 javelins (quivered)
Armour
 c - a +0 shield (worn)
 g - a +0 plate armour (worn)
 q - a +0 helmet (worn)
 r - a +0 pair of boots (worn)
 u - a +0 cloak (worn)
 A - a +2 leather armour of fire resistance
Jewellery
 h - an uncursed ring of protection from magic
 i - a ring of invisibility (left hand)
 m - an uncursed ring of sustain attributes
 n - an uncursed ring of wizardry
 z - a ring of protection from fire (right hand)
 C - a +5 ring of evasion
Magical devices
 D - a wand of enslavement (6)
Scrolls
 d - 2 scrolls of blinking
 e - 3 scrolls of amnesia
 k - 3 scrolls of remove curse
 o - a scroll of fear
 p - 2 scrolls of recharging
 s - a scroll of magic mapping {unknown}
 v - 3 scrolls of enchant weapon
 w - 2 scrolls of identify
 x - 2 scrolls of teleportation
 B - 3 scrolls of fog {unknown}
Miscellaneous
 l - a plain deck of summoning {the Pentagram}


   Skills:
 - Level 3.3 Fighting
 - Level 10.4 Maces & Flails
 - Level 2.1 Throwing
 - Level 2.4 Armour
 - Level 2.4 Shields
 * Level 5.3 Evocations


You had 8 spell levels left.
You didn't know any spells.

Dungeon Overview and Level Annotations

Branches:
Dungeon (8/15)             Temple (1/1) D:5
   Lair: D:8-11

Altars:
Ashenzari
Cheibriados
Dithmenos
Elyvilon
Fedhas
Gozag
Kikubaaqudgha
Makhleb
Nemelex Xobeh
Okawaru
Qazlal
Ru
Sif Muna
Trog
Xom
Yredelemnul
Zin
The Shining One

Shops:
D:8 }

Annotations:
D:4 exclusion: orc wizard


Innate Abilities, Weirdness & Mutations

You do not eat or drink.
Your flesh is vulnerable to fire.
You are immune to poison.
Your flesh is cold resistant.
You are immune to negative energy.
You are immune to unholy pain and torment.
You can survive without breathing.


Message History

You can't drink.
You closely miss the orc warrior.
The orc warrior is heavily wounded.
The orc warrior hits you with a glaive.
* * * LOW HITPOINT WARNING * * *
You hit the orc warrior.
The orc warrior is severely wounded.
The worker ant zombie bites you.
* * * LOW HITPOINT WARNING * * *
Use which ability? (? or * to list)
Okay, then.
Use which ability? (? or * to list)
You fail to use your ability.
You block the orc warrior's attack.
The worker ant zombie completely misses you.
Use which ability? (? or * to list)
You fade into invisibility!
You are very lightly contaminated with residual magic.
The orc warrior hits you with a glaive!
You die...
Your body crumbles into a pile of gold.

#.....# .......
....... .......
.......##
........#
......oZ# #@#
#.######..
####..$:......
#.............
#............
###
#............
..#
#.........##.
##.###
#........####
...#.
#...........###
#....


You could see an orc warrior and a worker ant zombie.

Vanquished Creatures
  Pikel (D:7)
  Joseph (D:7)
  Duvessa (D:7)
  Sigmund (D:6)
  A hungry ghost (D:7)
  A wyvern (D:8)
  A hippogriff (D:7)
  2 orc warriors
  Menkaure (D:6)
  Edmund (D:6)
  A sky beast (D:8)
  2 ogres
  A phantom (D:4)
  4 giant frogs
  A centaur (D:7)
  Dowan (D:7)
  A scorpion (D:6)
  3 crimson imps
  Crazy Yiuf (D:4)
  2 orc priests
  5 hounds
  4 iguanas
  8 orc wizards
  7 worker ants
  A hound skeleton (D:4)
  4 adders
  7 gnolls
  A shadow imp (D:5)
  3 oozes
  An adder skeleton (D:5)
  3 worms
  28 orcs
  A bat skeleton (D:5)
  7 giant cockroaches
  10 hobgoblins
  16 jackals
  5 quokkas
  17 bats
  2 giant geckos
  A giant gecko zombie (D:7)
  7 giant newts
  18 goblins
  11 kobolds
  16 rats
211 creatures vanquished.

Vanquished Creatures (others)
  2 slaves (D:7)
  A worker ant zombie (D:7)
  A giant gecko (D:7)
  An orc (D:7)
  A jackal (D:7)
6 creatures vanquished.

Grand Total: 217 creatures vanquished

Notes
Turn   | Place    | Note
--------------------------------------------------------------
     0 | D:1      | Tot the Mummy Fighter began the quest for the Orb.
     0 | D:1      | Reached XP level 1. HP: 18/18 MP: 1/1
   134 | D:1      | Reached XP level 2. HP: 13/24 MP: 2/2
   974 | D:2      | Reached XP level 3. HP: 29/29 MP: 3/3
  1277 | D:2      | Reached skill level 1 in Evocations
  1335 | D:2      | Found a blossoming altar of Fedhas.
  1602 | D:2      | Found a sparkling altar of Nemelex Xobeh.
  1916 | D:3      | Reached XP level 4. HP: 8/35 MP: 3/5
  2523 | D:3      | Reached XP level 5. HP: 41/41 MP: 6/6
  2776 | D:3      | Found a shattered altar of Ashenzari.
  2878 | D:3      | Found a glowing golden altar of the Shining One.
  2987 | D:3      | Found a snail-covered altar of Cheibriados.
  2997 | D:3      | Found a deep blue altar of Sif Muna.
  3206 | D:4      | Noticed Crazy Yiuf
  3212 | D:4      | Paralysed by Crazy Yiuf for 2 turns
  3610 | D:4      | Reached skill level 4 in Maces & Flails
  3741 | D:4      | Reached XP level 6. HP: 21/47 MP: 4/7
  3939 | D:4      | Found an iron altar of Okawaru.
  3944 | D:4      | Noticed a phantom
  4306 | D:4      | Noticed an ogre
  4321 | D:4      | Killed an ogre
  4321 | D:4      | Reached skill level 5 in Maces & Flails
  4436 | D:4      | Killed a phantom
  4608 | D:4      | Reached XP level 7. HP: 43/52 MP: 8/8
  4746 | D:4      | Killed Crazy Yiuf
  4840 | D:4      | Found a deep blue altar of Sif Muna.
  4906 | D:5      | Entered Level 5 of the Dungeon
  5078 | D:5      | Reached skill level 1 in Throwing
  5389 | D:5      | Reached skill level 6 in Maces & Flails
  5982 | D:5      | Reached skill level 7 in Maces & Flails
  5982 | D:5      | Reached XP level 8. HP: 54/58 MP: 9/9
  6179 | D:5      | Found a staircase to the Ecumenical Temple.
  6188 | Temple   | Entered the Ecumenical Temple
  6394 | Temple   | Became a worshipper of Gozag Ym Sagoz the Greedy
  6570 | D:5      | Found a shadowy altar of Dithmenos.
  6700 | D:6      | Noticed Edmund
  6732 | D:6      | Killed Edmund
  6934 | D:6      | Found a stormy altar of Qazlal.
  6971 | D:6      | Reached skill level 8 in Maces & Flails
  7026 | D:6      | Noticed Sigmund
  7043 | D:6      | Killed Sigmund
  7204 | D:6      | Noticed Menkaure
  7229 | D:6      | Killed Menkaure
  7604 | D:6      | Reached skill level 9 in Maces & Flails
  7756 | D:7      | Noticed Joseph
  7792 | D:7      | Killed Joseph
  7792 | D:7      | Reached XP level 9. HP: 24/64 MP: 10/10
  8218 | D:7      | Noticed Pikel
  8238 | D:7      | Killed Pikel
  8238 | D:7      | Reached skill level 10 in Maces & Flails
  8381 | D:7      | Noticed Duvessa
  8399 | D:7      | Killed Duvessa
  8401 | D:7      | Noticed Dowan
  8406 | D:7      | Killed Dowan
  8657 | D:7      | Found a sacrificial altar of Ru.
  8966 | D:7      | Found a bloodstained altar of Trog.
  9042 | D:8      | Reached skill level 5 in Evocations
  9108 | D:8      | Found Beeso's Gadget Boutique.
  9308 | D:8      | Slain by an orc warrior

Vault maps used:
D:1:      tarquinn_simple_flora_water_f
D:2:      fedhas_altar_2, nemelex_deck
D:3:      cheibrodos_ashenzari_chains, minitemple, lemuel_round_altar,
          first_bread, minivault_25
D:4:      okawaru_trees_2, led_sif_book, uniq_crazy_yiuf_cottage
D:5:      grunt_dithmenos_shadows, temple_hall
D:6:      nicolae_qazlal_style_of_elements, uniq_edmund, uniq_sigmund,
          uniq_menkaure
D:7:      nicolae_ru_sacrificial_ziggurat, kennysheep_mini_moat, uniq_joseph,
          uniq_pikel, uniq_duvessa
D:8:      vehumet_altar_wand_db, serial_shops, kennysheep_mini
Temple:   minmay_temple_bridge_d_8

Action                   |  1- 3 |  4- 6 |  7- 9 || total
-------------------------+-------+-------+-------++-------
Melee: Flail             |   222 |   212 |   278 ||   712
       Hammer            |       |    54 |   280 ||   334
 Fire: Hunting sling     |     3 |     4 |       ||     7
       Blowgun           |       |     5 |    15 ||    20
Throw: Tomahawk          |       |     3 |       ||     3
       Javelin           |       |       |     7 ||     7
Invok: Potion Petition   |       |       |     1 ||     1
 Abil: Evoke Invisibilit |     3 |     5 |     6 ||    14
Evoke: Wand              |       |     2 |     8 ||    10
  Use: Scroll            |       |     9 |     6 ||    15
 Stab: Invisible         |       |     6 |    19 ||    25
       Betrayed ally     |       |       |     1 ||     1
